Map: 机械城 - 天梯版

Players

MaSa

  • Race: Terran Terran
  • League: Gold

Harstem - Winner!

  • Race: Protoss Protoss

Event: WESG 2018 Grand Finals

VOD

Have the link to the VOD?

Description

Time

  • Played on: March 11, 2019, 4:44 a.m.
  • Length: 5:57

All games in this series

Show
View Real Time Build Order
Export as new Build Order

MaSa Terran 

Build Orders:  

Get SALT Encoding   

  12  0:00  SCV  
  13  0:14  Supply Depot  
  13  0:18  SCV  
  14  0:30  SCV  
  15  0:39  Barracks  
  15  0:42  SCV  
  16  0:48  Refinery  
  16  0:54  SCV  
  17  0:58  Refinery  
  17  1:07  SCV  
  18  1:19  SCV  
  19  1:26  Reaper  
  19  1:31  Orbital Command  
  20  1:35  Bunker  
  20  1:45  Supply Depot  
  20  1:57  SCV  
  20  1:59  Marine  
  22  2:08  Factory  
  22  2:15  SCV  
  22  2:17  Marine  
  23  2:27  SCV  
  24  2:35  Marine  
  25  2:41  SCV  
  26  2:45  Supply Depot  
  26  2:52  Factory Tech Lab, Starport  
  26  2:53  Marine  
  26  2:55  SCV  
  28  3:15  SCV  
  28  3:17  Siege Tank  
  28  3:18  Marine  
  31  3:29  Medivac  
  33  3:36  Marine  
  33  3:37  SCV  
  35  3:49  Siege Tank, SCV  
  35  3:53  Marine  
  39  4:05  Supply Depot  
  39  4:09  Liberator  
  39  4:11  Bunker  
  39  4:21  Marine  
  38  4:27  Siege Tank  
  39  4:34  SCV  
  37  4:48  Marine  
  37  4:50  SCV  
  36  4:56  Liberator  
  36  4:59  Siege Tank  
  39  5:05  SCV  
  40  5:08  Barracks  
  40  5:09  Barracks  
  43  5:17  Marine  
Show
View Real Time Build Order
Export as new Build Order

Harstem Protoss - Winner!

Build Orders: 1 Gate Expand 

Get SALT Encoding   

  12  0:00  Probe  
  13  0:12  Probe  
  14  0:18  Pylon  
  14  0:24  Probe  
  15  0:32  Probe  
  15  0:37  Gateway  
  15  0:40  Probe  
  16  0:48  Assimilator  
  17  0:51  Probe  
  18  1:03  Probe  
  19  1:15  Probe  
  20  1:25  Nexus  
  20  1:32  Cybernetics Core  
  20  1:35  Probe  
  21  1:42  Assimilator  
  22  1:47  Probe  
  22  1:51  Pylon  
  22  1:59  Probe  
  22  2:00  Stalker  
  23  2:11  Probe  
  23  2:13  Warp Gate  
  26  2:20  Stalker  
  26  2:24  Shield Battery  
  28  2:37  Robotics Facility  
  28  2:43  Stalker  
  29  2:44  Probe  
  30  2:57  Shield Battery  
  31  3:00  Probe  
  32  3:16  Stalker, Probe  
  32  3:19  Shield Battery  
  36  3:31  Probe  
  40  3:40  Shield Battery  
  38  3:44  Probe  
  39  3:48  Probe  
  39  3:51  Observer  
  40  3:56  Probe  
  39  4:03  Stalker, Pylon  
  39  4:05  Gateway x2  
  39  4:06  Immortal  
  44  4:26  Probe  
  44  4:27  Probe  
  44  4:30  Stalker  
  46  4:38  Probe  
  46  4:39  Probe  
  42  4:47  Immortal  
  42  4:51  Probe  
  42  4:52  Probe  
  48  4:58  Stalker  
  50  5:03  Pylon  
  50  5:04  Sentry  
  52  5:11  Stalker  
  54  5:16  Pylon  
  54  5:21  Probe x2  
  56  5:27  Stalker  
  57  5:29  Zealot  
  57  5:31  Observer  
  57  5:32  Pylon  
  60  5:38  Zealot  
  60  5:41  Probe, Gateway  
Tags
 
Add a new tag
Caveats
  • Supply blocks, unpowered buildings, or Contaminate may cause inaccurate times.
  • Supply counts are checked every 10 seconds.